 Dungeon Crawl Stone Soup version 0.20-a0-466-gc52d0eb (webtiles) character file.

92 AlphabetPasta the Grave Robber (level 4, -7/30 HPs)
             Began as a Vampire Necromancer on Jan 13, 2017.
             Mangled by Sigmund
             ... wielding a +0 scythe
              (10 damage)
             ... on level 3 of the Dungeon.
             The game lasted 00:11:55 (1954 turns).

AlphabetPasta the Grave Robber (VpNe)               Turns: 1954, Time: 00:11:55

Health: -7/30      AC:  2    Str:  7    XL:     4   Next: 35%
Magic:  5/8        EV: 12    Int: 20    God:
Gold:   103        SH:  0    Dex: 14    Spells: 1/9 levels left

rFire  + . .     SeeInvis +     d - +0 short sword
rCold  . . .     Gourm    .     a - +0 robe
rNeg   + . .     Faith    .     (no shield)
rPois  .         Spirit   .     (helmet restricted)
rElec  .         Reflect  .     (no cloak)
rCorr  .         Harm     .     (no gloves)
MR     .....                    (no boots)
Stlth  ++........               (no amulet)
                                (no ring)
                                (no ring)

@: no status effects
A: fangs 3, horns 1, see invisible, clever 1, fire resistance 1, unbreathing
a: Bat Form


You were on level 3 of the Dungeon.
You were not thirsty.

You visited 1 branch of the dungeon, and saw 3 of its levels.

You collected 103 gold pieces.

Inventory:

Hand Weapons
 d - a +0 short sword (weapon)
Armour
 a - a +0 robe (worn)
Scrolls
 g - 2 scrolls of enchant armour {unknown}
 h - a scroll of remove curse
Potions
 c - 5 potions of blood
 j - a potion of heal wounds {unknown}
 k - a potion of berserk rage {unknown}
Books
 b - a book of Necromancy

   Spells                             Type                      Level
   a - Pain                           Necromancy                   1
   b - Animate Skeleton               Necromancy                   1
   c - Vampiric Draining              Necromancy                   3
   d - Regeneration                   Charms/Necromancy            3
   e - Animate Dead                   Necromancy                   4
   f - Control Undead                 Necromancy                   4


   Skills:
 + Level 1.3 Short Blades
 - Level 2.1 Dodging
 - Level 3.0 Stealth
 + Level 3.1 Spellcasting
 * Level 5.4 Necromancy


You had one spell level left.
You knew the following spells:

 Your Spells              Type           Power        Failure   Level  Hunger
a - Pain                  Necr           ###.         1%          1    None
b - Animate Skeleton      Necr           N/A          1%          1    None
c - Vampiric Draining     Necr           ###.......   6%          3    ###....
d - Regeneration          Chrm/Necr      ##........   14%         3    ###....


Dungeon Overview and Level Annotations

Branches:
Dungeon (3/15)

Altars:
Hepliaklqana
Xom

Annotations:
D:3 Sigmund


Innate Abilities, Weirdness & Mutations

You have razor-sharp teeth.
You have supernaturally acute eyesight. (SInv)
You can survive without breathing.
You have a pair of small horns on your head.
Your mind is acute. (Int +2)
Your flesh is heat resistant. (rF+)


Message History

You hit the leopard gecko but do no damage.
The leopard gecko closely misses you.
Your leopard gecko skeleton barely misses the leopard gecko.
Sigmund hits you from afar with a scythe!
* * * LOW HITPOINT WARNING * * *
The leopard gecko barely misses you.
It was a potion of magic.
Magic courses through your body.
Your leopard gecko skeleton completely misses the leopard gecko.
The leopard gecko bites you.
* * * LOW HITPOINT WARNING * * *
Casting: Vampiric Draining
Confirm with . or Enter, or press ? or * to list all spells.
Aiming: Vampiric Draining
Press: ? - help, Shift-Dir - straight line, f - leopard gecko
Aim: a leopard gecko You kill the leopard gecko!
You feel life coursing into your body. Sigmund closely misses you.
Sigmund screams, "Only death can liberate you!"
Sigmund hits you with a scythe!
You die...

#######.#.# #.......#.#
#.#####.#.# #.#.....#.#
# #(#.....#'##### .####.
#.#...........#
......##.##<.........#
.......Z.######......#
.......@.+ ..##'#####
......@..# #.##.#
.......#.# #..#.# #
.....#.#.####..#%#####.#
................).......
....##.#######.#........
... #. ##Z######.####.
... #. ##ยง#w##.'..#
#.#####.#..#


You could see Sigmund (invisible) and a friendly leopard gecko skeleton.

Vanquished Creatures
  4 adders
  An adder skeleton (D:2)
  A worm (D:3)
  A dart slug (D:2)
  3 leopard geckos
  5 bats
  2 bat skeletons (D:2)
  A giant cockroach (D:1)
  4 goblins
  5 hobgoblins
  4 jackals (D:1)
  A quokka (D:2)
  A ball python zombie (D:2)
  3 frilled lizards
  5 kobolds
  5 rats
46 creatures vanquished.

Vanquished Creatures (collateral kills)
  A leopard gecko (D:2)
  A jackal skeleton (D:2)
2 creatures vanquished.

Grand Total: 48 creatures vanquished

Notes
Turn   | Place    | Note
-------+----------+-------------------------------------------
     0 | D:1      | AlphabetPasta the Vampire Necromancer began the quest for the Orb.
     0 | D:1      | Reached XP level 1. HP: 13/13 MP: 3/3
     2 | D:1      | Learned a level 1 spell: Animate Skeleton
   445 | D:1      | Reached XP level 2. HP: 18/19 MP: 3/5
  1083 | D:2      | Reached skill level 5 in Necromancy
  1083 | D:2      | Reached XP level 3. HP: 18/24 MP: 5/7
  1796 | D:3      | Reached XP level 4. HP: 19/30 MP: 5/8
  1801 | D:3      | Learned a level 3 spell: Vampiric Draining
  1805 | D:3      | Learned a level 3 spell: Regeneration
  1850 | D:3      | Reached skill level 1 in Short Blades
  1868 | D:3      | Found a shimmering altar of Xom.
  1869 | D:3      | Found a hazy altar of Hepliaklqana.
  1869 | D:3      | Noticed a tyrant leech
  1870 | D:3      | Noticed a spectral ugly thing
  1870 | D:3      | Noticed a tyrant leech
  1944 | D:3      | Noticed Sigmund
  1948 | D:3      | Gained mutation: You have a pair of small horns on your head. [potion of mutation]
  1948 | D:3      | Gained mutation: Your mind is acute. (Int +2) [potion of mutation]
  1948 | D:3      | Gained mutation: Your flesh is heat resistant. (rF+) [potion of mutation]
  1952 | D:3      | HP: 1/30 [leopard gecko (4)]
  1954 | D:3      | Mangled by Sigmund

Vault maps used:
D:1:      doesnt_arrival_eight_statues, item_on_display_a
D:2:      serial_undead, serial_undead_e, serial_undead_d, serial_undead_d,
          serial_undead_b
D:3:      regret_index_temple_of_mockery, lemuel_blue_sif_altar,
          portal_sewer_entry_d, minmay_box_of_dots, uniq_sigmund

Skill      XL: |  1  2  3  4 |
---------------+-------------+-----
Necromancy     | 5 |  5.4
Spellcasting   | 3 |  3.1
Short Blades   | 1 |  1.3
Dodging        | |  2.1
Stealth        | |  3.0

Action                   |  1- 3 |  4- 6 || total
-------------------------+-------+-------++-------
Melee: Unarmed           |    12 |       ||    12
       Short sword       |    70 |    11 ||    81
       Bite              |     6 |     1 ||     7
 Cast: Pain              |    37 |     7 ||    44
       Animate Skeleton  |     9 |     1 ||    10
       Vampiric Draining |       |     3 ||     3
       Regeneration      |       |     1 ||     1
  Use: Scroll            |     4 |       ||     4
       Potion            |     1 |     5 ||     6
 Stab: Sleeping          |     1 |       ||     1
Armor: Robe              |    27 |       ||    27
Dodge: Dodged            |    85 |     9 ||    94
